 Dungeon Crawl Stone Soup version 0.24.1-11-gbbbb2193e6 (webtiles) character file.

Game seed: 16559331845666139032, levelgen mode: deterministic

393 Descartes the Shield-Bearer (level 7, -3/56 HPs)
             Began as a Formicid Fighter on May 15, 2020.
             Slain by an iguana (7 damage)
             ... on level 4 of the Dungeon.
             The game lasted 00:08:31 (3322 turns).

Descartes the Shield-Bearer (Formicid Fighter)      Turns: 3322, Time: 00:08:32

Health: -3/56      AC:  5    Str: 22    XL:     7   Next: 8%
Magic:  7/7        EV: 10    Int:  7    God:
Gold:   188        SH: 10    Dex: 11    Spells: 6/6 levels left

rFire    . . .     SeeInvis +   a - +0 war axe
rCold    . . .     Gourm    .   c - +0 shield
rNeg     . . .     Faith    .   k - +2 leather armour {MR+}
rPois    .         Spirit   .   (helmet unavailable)
rElec    .         Reflect  .   (no cloak)
rCorr    .         Harm     .   (no gloves)
MR       +....                  (no boots)
Stlth    +.........             (no amulet)
HPRegen  0.18/turn              (no ring)
MPRegen  0.10/turn              (no ring)

@: lethally poisoned (-3 -> -8)
A: permanent stasis, dig shafts and tunnels, four strong arms, antennae 3
a: Dig, Shaft Self


You were on level 4 of the Dungeon.
You were not hungry.

You visited 1 branch of the dungeon, and saw 4 of its levels.

You collected 188 gold pieces.

Inventory:

Hand Weapons
 a - a +0 war axe (weapon)
Missiles
 s - 148 stones (quivered)
 t - 19 arrows
Armour
 b - a +0 scale mail
 c - a +0 shield (worn)
 g - a +0 plate armour
 k - a +2 leather armour of magic resistance (worn)
Jewellery
 o - a +3 amulet of reflection
 w - an uncursed amulet of regeneration
Wands
 q - a wand of flame (12)
Scrolls
 e - 3 scrolls of remove curse {unknown}
 h - a scroll of enchant armour {unknown}
 i - 5 scrolls of identify {unknown}
 j - a scroll of noise {unknown}
 l - 2 scrolls of blinking {unknown}
 m - a scroll of fear {unknown}
 p - a scroll of enchant weapon {unknown}
 u - a scroll of teleportation {unknown}
Potions
 d - 2 potions of might
 n - 3 potions of curing {unknown}
 r - a potion of heal wounds {unknown}
 v - a potion of degeneration {unknown}
Comestibles
 f - 6 rations
 x - 7 chunks of flesh


   Skills:
 + Level 5.0 Fighting
 - Level 2.3 Axes
 + Level 4.8 Armour
 * Level 6.6 Shields


You had 6 spell levels left.
You didn't know any spells.
Your spell library was empty.

Dungeon Overview and Level Annotations

Branches:
Dungeon (4/15)
 Temple: D:4-7

Altars:
Dithmenos
Ru


Innate Abilities, Weirdness & Mutations

You cannot be hasted, slowed, berserked, paralysed or teleported.
You can dig through walls and to a lower floor.
Your four strong arms can wield two-handed weapons with a shield.
You have a pair of large antennae on your head. (SInv)


Message History

You hit the iguana. The adder bites you.
You are poisoned.
The adder poisons you! The iguana completely misses you.
The adder completely misses you. The iguana bites you!
You are too injured to fight recklessly!
You are too injured to fight recklessly!
You barely miss the adder.
The adder is moderately wounded.
You closely miss the iguana.
You feel sick. You block the adder's attack. The iguana bites you!
The adder bites you but does no damage.
You miss the adder.
The adder is moderately wounded.
You closely miss the iguana. The adder closely misses you.
The iguana bites you!
* * * LOW HITPOINT WARNING * * *
The adder bites you.
* * * LOW HITPOINT WARNING * * *
You are lethally poisoned!
The adder poisons you! The iguana bites you!
You die...

### ..## #.#######.##
..#..≈S≈..#.##
#..≈.l@≈..#.##
#...≈._.≈...#)#
.#..≈...≈..#.###########
..#.)≈≈≈..#............#
...#######.............#
.. .................# #
#...#####..##....# #..#
#..##....# ....
#........<


You could see an iguana and an adder.

Vanquished Creatures
  2 howler monkeys
  A centaur skeleton (D:4)
  An orc priest (D:3)
  Jessica (D:3)
  A worker ant (D:2)
  3 gnolls (D:3)
  9 adders
  An ooze (D:2)
  2 worms (D:3)
  3 dart slugs (D:1)
  A leopard gecko (D:1)
  5 orcs
  9 bats
  5 giant cockroaches
  10 hobgoblins
  7 kobolds
  2 quokkas
  A ball python (D:2)
  4 frilled lizards
  15 goblins
  9 rats
92 creatures vanquished.

Notes
Turn   | Place    | Note
-------+----------+-------------------------------------------
     0 | D:1      | Descartes the Formicid Fighter began the quest for the Orb.
     0 | D:1      | Reached XP level 1. HP: 18/18 MP: 1/1
    65 | D:1      | Reached XP level 2. HP: 22/24 MP: 2/2
   226 | D:1      | Reached skill level 4 in Shields
   254 | D:1      | Reached XP level 3. HP: 30/30 MP: 3/3
  1031 | D:2      | Reached XP level 4. HP: 34/37 MP: 4/4
  1218 | D:2      | Reached skill level 5 in Shields
  1239 | D:2      | Found a shadowy altar of Dithmenos.
  1405 | D:2      | Reached XP level 5. HP: 42/42 MP: 5/5
  2160 | D:3      | Noticed Jessica
  2172 | D:3      | Killed Jessica
  2172 | D:3      | Reached XP level 6. HP: 35/49 MP: 6/6
  2247 | D:3      | Reached skill level 6 in Shields
  3307 | D:4      | Found a sacrificial altar of Ru.
  3318 | D:4      | Reached skill level 5 in Fighting
  3318 | D:4      | Reached XP level 7. HP: 49/56 MP: 7/7
  3322 | D:4      | Slain by an iguana

Levels and vault maps discovered:
D:1:      psy_arrival_whirlpool, layout_basic
D:2:      layout_loops_ring, nicolae_dithmenos_through_a_glass_darkly,
          first_ration, minmay_close_crescents
D:3:      kennysheep_the_goblin_king, layout_basic, serial_forest,
          infiniplex_forest_end_2, infiniplex_forest_zigzag_1,
          infiniplex_forest_zigzag_1, infiniplex_forest_clump_large,
          infiniplex_forest_end_3, infiniplex_forest_lined_room_3,
          infiniplex_forest_corner_1, kennysheep_jessica_study
D:4:      minmay_bubble_buster, layout_gridville,
          grunt_temple_overflow_growth_and_decay, nicolae_ru_awakened_eye,
          minmay_quantized

Skill      XL: |  1  2  3  4  5  6 |
---------------+-------------------+-----
Shields        | 4 5 6 |  6.6
Fighting       | 4 5 |  5.0
Armour         | 4 |  4.8
Axes           | |  2.3

Action                   |  1- 3 |  4- 6 |  7- 9 || total
-------------------------+-------+-------+-------++-------
Melee: War axe           |    97 |   181 |     4 ||   282
  Eat: Chunk             |     1 |     7 |       ||     8
Armor: Scale mail        |    14 |       |       ||    14
       Leather armour    |    26 |    42 |     1 ||    69
Dodge: Dodged            |    40 |    86 |     5 ||   131
Block: Shield            |    58 |    98 |     2 ||   158
